 Dungeon Crawl Stone Soup version 0.31-a0-4-gefa6de2278 (webtiles) character file.

Game seed: 6688081607698665435

4054 retardedninja the Magician (level 10, -5/74 HPs)
             Began as a Gnoll Fire Elementalist on May 4, 2023.
             Was an Initiate of Cheibriados.
             Slain by a polar bear (15 damage)
             ... on level 8 of the Dungeon.
             The game lasted 00:13:16 (10716 turns).

retardedninja the Magician (GnFE)                  Turns: 10716, Time: 00:13:17

Health: -5/74      AC:  5    Str:  9    XL:     10   Next: 24%
Magic:  2/21       EV: 15    Int: 20    God:    Cheibriados [......]
Gold:   390        SH:  0    Dex: 13    Spells: 13/23 levels left

rFire   . . .        D - +3 quick blade of Harmony {spect, rPois rN+}
rCold   . . .        (no shield)
rNeg    + . .        a - +0 robe
rPois   +            w - +1 helmet
rElec   .            (no cloak)
rCorr   .            (no gloves)
SInv    .            g - +0 pair of boots
Will    .....        (no amulet)
Stlth   +++          (no ring)
HPRegen 0.32/turn    (no ring)
MPRegen 0.17/turn

%: no passive effects
@: very slow
A: fangs 1, strong nose, distributed training
a: Renounce Religion


You were on level 8 of the Dungeon.
You worshipped Cheibriados.
Cheibriados was noncommittal.
You visited 2 branches of the dungeon, and saw 9 of its levels.

You collected 390 gold pieces.

Inventory:

Hand Weapons
 D - the +3 quick blade of Harmony (weapon) {spect, rPois rN+}
   (You found it on level 5 of the Dungeon)

   rPois:     It protects you from poison.
   rN:        It protects you from negative energy.
Missiles
 F - a throwing net
Armour
 a - a +0 robe (worn)
 g - a +0 pair of boots (worn)
 l - the +1 pair of gloves "Qistreoh" {Harm rPois Int-2}
   (You found it on level 2 of the Dungeon)

   Int:       It affects your intelligence (-2).
   rPois:     It protects you from poison.
   Harm:      It increases damage dealt and taken.
 w - a +1 helmet (worn)
 J - +0 fire dragon scales
Jewellery
 y - a ring of magical power
 G - a +4 ring of protection
 I - an amulet of reflection
Wands
 m - a wand of charming (8)
 z - a wand of polymorph (10)
 E - a wand of roots (5)
Scrolls
 c - 2 scrolls of fog {unknown}
 d - a scroll of amnesia {unknown}
 e - 2 scrolls of brand weapon {unknown}
 f - 4 scrolls of fear {unknown}
 i - 2 scrolls of blinking {unknown}
 o - 5 scrolls of poison {unknown}
 q - a scroll of identify {unknown}
 r - a scroll of immolation {unknown}
 t - a scroll of enchant weapon {unknown}
 u - a scroll of butterflies {unknown}
 v - 6 scrolls of teleportation {unknown}
 H - a scroll of magic mapping {unknown}
 L - a scroll of vulnerability {unknown}
Potions
 b - 2 potions of brilliance {unknown}
 h - 6 potions of curing {unknown}
 j - 4 potions of cancellation {unknown}
 k - a potion of flight {unknown}
 n - a potion of resistance {unknown}
 p - a potion of berserk rage {unknown}
 s - a potion of mutation {unknown}
 x - 2 potions of attraction {unknown}
 A - a potion of heal wounds {unknown}
 B - a potion of might {unknown}
 C - 2 potions of magic
 K - a potion of haste


   Skills:
 + Level 5.3 Fighting
 + Level 5.3 Short Blades
 + Level 5.3 Long Blades
 + Level 5.3 Axes
 + Level 5.3 Maces & Flails
 + Level 5.3 Polearms
 + Level 5.3 Staves
 + Level 5.3 Ranged Weapons
 + Level 5.3 Throwing
 + Level 5.3 Armour
 + Level 7.1 Dodging
 + Level 6.8 Stealth
 + Level 5.3 Shields
 + Level 5.3 Unarmed Combat
 + Level 7.3 Spellcasting
 + Level 4.9 Conjurations
 + Level 4.3 Hexes
 + Level 4.3 Summonings
 + Level 4.3 Necromancy
 + Level 4.3 Translocations
 + Level 4.3 Transmutations
 + Level 7.1 Fire Magic
 + Level 4.3 Ice Magic
 + Level 4.3 Air Magic
 + Level 4.3 Earth Magic
 + Level 4.3 Poison Magic
 + Level 5.8 Invocations
 + Level 5.3 Evocations


You had 13 spell levels left.
You knew the following spells:

 Your Spells              Type           Power      Damage    Failure   Level
a - Foxfire               Conj/Fire      100%       2x1d9     1%          1
b - Scorch                Fire           70%        2d7       1%          2
c - Flame Wave            Conj/Fire      31%        2d9       8%          4
d - Inner Flame           Hex/Fire       30%        N/A       2%          3

Your spell library contained the following spells:

 Spells                   Type           Power      Damage    Failure   Level
 Poisonous Vapours        Pois/Air       48%        N/A       2%          2
 Volatile Blastmotes      Fire/Tloc      60%        2d15      2%          3
 Mephitic Cloud           Conj/Pois/Air  25%        N/A       4%          3
 Freezing Cloud           Conj/Ice/Air   12%        6-21      36%         5


Dungeon Overview and Level Annotations

Branches:
Dungeon (8/15)             Temple (1/1) D:7            Lair (0/5) D:8

Altars:
Ashenzari
Cheibriados
Dithmenos
Elyvilon
Fedhas
Gozag
Hepliaklqana
Kikubaaqudgha
Makhleb
Nemelex Xobeh
Okawaru
Qazlal
Ru
Sif Muna
Trog
Uskayaw
Vehumet
Wu Jian
Xom
Yredelemnul
Zin
The Shining One

Shops:
D:2 !(*   D:4 :


Innate Abilities, Weirdness & Mutations

You have very sharp teeth.
Your uncanny sense of smell can sniff out nearby items.
Your experience applies equally to all skills.


Message History

The polar bear claws you but does no damage.
The polar bear barely misses you.
A wave of flame ripples out!
The flame wave engulfs the polar bear!
The polar bear is heavily wounded.
The flame wave engulfs the polar bear!
The polar bear is moderately wounded.
The flame wave engulfs the ice beast!
The ice beast melts!
The ice beast is heavily wounded.
You finish channelling waves of flame.
The polar bear misses you. The polar bear claws you.
The polar bear closely misses you. The polar bear completely misses you.
The polar bear closely misses you. The polar bear misses you.
The polar bear closely misses you. x3
The polar bear bites you but does no damage.
The polar bear completely misses you.
The polar bear claws you but does no damage.
Unknown command.
The polar bear closely misses you. The polar bear barely misses you.
The polar bear claws you but does no damage.
The polar bear bites you!
* * * LOW HITPOINT WARNING * * *
The polar bear claws you.
* * * LOW HITPOINT WARNING * * *
The polar bear barely misses you.
Aiming: Fastroot
Press: ? - help, Q - select action, (/) - cycle Shift-Dir - straight line The roots erupt in riotous growth!
Roots grab the polar bear.
Roots grab the polar bear.
Roots grab the ice beast.
The grasping roots constrict the polar bear.
The grasping roots constrict the polar bear!
The grasping roots constrict the ice beast!
The ice beast hits you but does no damage.
The polar bear bites you!
* * * LOW HITPOINT WARNING * * *
The polar bear claws you.
* * * LOW HITPOINT WARNING * * *
The polar bear claws you but does no damage.
The polar bear bites you!
You die...

...>. ...... ..§.
....?. #...# .....#
#..#.##....~##
#.#......$.....
.§...........#
....#.h$....# #..#
......h@...###.#..#
......Y........#..#
#....§§#...#####..#
##..##§#'### #..#
## #.#.# #..#
#.#.#######..#
#.#..........#
#.##########.######
..............


You could see 2 polar bears and an ice beast (rooted).

Vanquished Creatures
  Pikel (D:6)
  A rime drake (D:8)
  Eustachio (D:4)
  A water moccasin (D:5)
  An orc warrior (D:6)
  4 ice beasts (D:8)
  4 black bears
  3 ogres
  A wolf (D:8)
  3 centaurs (D:7)
  A lemure (D:6)
  Blork the orc (D:4)
  A bullfrog (D:6)
  A kobold brigand (D:7)
  5 scorpions
  4 killer bees (D:8)
  A howler monkey (D:5)
  4 jellies
  5 hounds
  5 orc priests
  2 gnoll boudas
  Ijyb (D:4)
  An iguana (D:4)
  Natasha (twice) (D:2)
  3 orc wizards (D:6)
  9 gnolls
  10 adders
  2 shadow imps (D:6)
  2 white imps
  2 worms
  2 dart slugs (D:1)
  20 orcs
  6 endoplasms
  4 goblins
  5 hobgoblins
  7 jackals
  12 kobolds
  6 quokkas
  9 ball pythons
  10 bats
  4 frilled lizards (D:1)
  4 rats
171 creatures vanquished.

Vanquished Creatures (others)
  603 foxfires
  A plant (D:5)
  2 withered plants (D:5)
606 creatures vanquished.

Grand Total: 777 creatures vanquished

Notes
Turn   | Place    | Note
-------+----------+-------------------------------------------
     0 | D:1      | retardedninja the Gnoll Fire Elementalist began the quest
                  | for the Orb.
     0 | D:1      | Reached XP level 1. HP: 13/13 MP: 6/6
   117 | D:1      | Reached XP level 2. HP: 19/19 MP: 5/7
   120 | D:1      | Learned a level 2 spell: Scorch
   653 | D:1      | Reached skill level 5 in Spellcasting
   653 | D:1      | Reached XP level 3. HP: 25/25 MP: 6/9
  1239 | D:2      | Reached skill level 1 in Invocations
  1459 | D:2      | Reached skill level 1 in Fighting
  1459 | D:2      | Reached skill level 1 in Short Blades
  1459 | D:2      | Reached skill level 1 in Long Blades
  1459 | D:2      | Reached skill level 1 in Axes
  1459 | D:2      | Reached skill level 1 in Maces & Flails
  1459 | D:2      | Reached skill level 1 in Polearms
  1459 | D:2      | Reached skill level 1 in Staves
  1459 | D:2      | Reached skill level 1 in Ranged Weapons
  1459 | D:2      | Reached skill level 1 in Throwing
  1459 | D:2      | Reached skill level 1 in Armour
  1459 | D:2      | Reached skill level 1 in Shields
  1459 | D:2      | Reached skill level 1 in Unarmed Combat
  1459 | D:2      | Reached skill level 1 in Evocations
  1562 | D:2      | Identified the +1 pair of gloves "Qistreoh" {Harm rPois
                  | Int-2}
  1625 | D:2      | Noticed Natasha
  1635 | D:2      | Killed Natasha
  1636 | D:2      | Reached XP level 4. HP: 16/32 MP: 4/11
  1708 | D:2      | Found Xihoewen's Distillery.
  1808 | D:2      | Reached skill level 1 in Hexes
  1808 | D:2      | Reached skill level 1 in Summonings
  1808 | D:2      | Reached skill level 1 in Necromancy
  1808 | D:2      | Reached skill level 1 in Translocations
  1808 | D:2      | Reached skill level 1 in Transmutations
  1808 | D:2      | Reached skill level 1 in Ice Magic
  1808 | D:2      | Reached skill level 1 in Air Magic
  1808 | D:2      | Reached skill level 1 in Earth Magic
  1808 | D:2      | Reached skill level 1 in Poison Magic
  1841 | D:2      | Found Bysuank's Weapon Shoppe.
  1907 | D:2      | Found Heyl's General Store.
  2697 | D:2      | Noticed Natasha
  2703 | D:2      | Killed Natasha
  2704 | D:2      | Reached XP level 5. HP: 33/37 MP: 8/12
  3033 | D:3      | Found a faded altar of an unknown god.
  3405 | D:3      | Found a bloodstained altar of Trog.
  3846 | D:3      | Identified the +1 mace "Qealeg" {heavy, Int+4}
  4056 | D:4      | Noticed an ogre
  4062 | D:4      | Learned a level 4 spell: Flame Wave
  4066 | D:4      | Learned a level 3 spell: Inner Flame
  4068 | D:4      | Killed an ogre
  4069 | D:4      | Reached skill level 5 in Dodging
  4069 | D:4      | Reached XP level 6. HP: 44/44 MP: 7/14
  4460 | D:4      | Found Ropro's Book Boutique.
  4464 | D:4      | Noticed Blork the orc
  4475 | D:4      | Killed Blork the orc
  4476 | D:4      | Reached XP level 7. HP: 51/51 MP: 9/15
  4568 | D:4      | Noticed Ijyb
  4569 | D:4      | Noticed Eustachio
  4576 | D:4      | Killed Ijyb
  4881 | D:4      | Killed Eustachio
  4882 | D:4      | Reached skill level 5 in Stealth
  5490 | D:5      | Entered Level 5 of the Dungeon
  5676 | D:5      | Reached XP level 8. HP: 49/58 MP: 11/16
  6068 | D:5      | Identified the +3 quick blade of Harmony {spect, rPois rN+}
  6956 | D:5      | Found a blossoming altar of Fedhas.
  6957 | D:5      | Found an ancient bone altar of Kikubaaqudgha.
  7674 | D:6      | Noticed Pikel
  7687 | D:6      | Killed Pikel
  7688 | D:6      | Reached XP level 9. HP: 64/65 MP: 3/19
  8240 | D:6      | Found a sand-covered staircase.
  8582 | D:6      | Reached skill level 5 in Invocations
 10358 | D:7      | Found a staircase to the Ecumenical Temple.
 10461 | Temple   | Entered the Ecumenical Temple
 10536 | Temple   | Became a worshipper of Cheibriados the Contemplative
 10594 | D:8      | Reached skill level 5 in Fighting
 10594 | D:8      | Reached skill level 5 in Short Blades
 10594 | D:8      | Reached skill level 5 in Long Blades
 10594 | D:8      | Reached skill level 5 in Axes
 10594 | D:8      | Reached skill level 5 in Maces & Flails
 10594 | D:8      | Reached skill level 5 in Polearms
 10594 | D:8      | Reached skill level 5 in Staves
 10594 | D:8      | Reached skill level 5 in Ranged Weapons
 10594 | D:8      | Reached skill level 5 in Throwing
 10594 | D:8      | Reached skill level 5 in Armour
 10594 | D:8      | Reached skill level 5 in Shields
 10594 | D:8      | Reached skill level 5 in Unarmed Combat
 10594 | D:8      | Reached skill level 5 in Evocations
 10600 | D:8      | Reached XP level 10. HP: 66/74 MP: 4/20
 10694 | D:8      | Found a staircase to the Lair.
 10716 | D:8      | Slain by a polar bear

Illustrated notes

Levels and vault maps discovered:
D:1:      minmay_arrival_nine_rooms, layout_basic
D:2:      minmay_wonky_spiral, layout_loops_corners, serial_shops, shop,
          nicolae_shop_bloodbath_and_beyond, nicolae_shop_behind_doors,
          uniq_natasha
D:3:      layout_basic, trog_butcher_becter,
          shapermc_ecumenical_altar_notcrosses, nicolae_elevator_lobby_asterisk
D:4:      layout_basic, serial_shops, shop, kennysheep_nub, grunt_decor_cap,
          uniq_blork_the_orc, uniq_ijyb, uniq_eustachio
D:5:      layout_layer_cave, grunt_temple_overflow_growth_and_decay,
          minmay_fractal_squares_gapless_5
D:6:      layout_cave_pods, chequers_ossuary_entry_cave, uniq_pikel
D:7:      layout_basic, minmay_temple_entry_statues_pillars
D:8:      layout_basic, hellmonk_lair_entry_icy, uniq_maurice
Temple:   compressed_dpeg_triangle_lava_temple

Skill      XL: |  1  2  3  4  5  6  7  8  9 10 |
---------------+-------------------------------+-----
Conjurations   | 2 3 4 |  4.9
Spellcasting   | 5 6 7 |  7.3
Invocations    | 1 2 3 4 5 |  5.8
Fighting       | 1 2 3 4 5 |  5.3
Short Blades   | 1 2 3 4 5 |  5.3
Long Blades    | 1 2 3 4 5 |  5.3
Axes           | 1 2 3 4 5 |  5.3
Maces & Flails | 1 2 3 4 5 |  5.3
Polearms       | 1 2 3 4 5 |  5.3
Staves         | 1 2 3 4 5 |  5.3
Ranged Weapons | 1 2 3 4 5 |  5.3
Throwing       | 1 2 3 4 5 |  5.3
Armour         | 1 2 3 4 5 |  5.3
Shields        | 1 2 3 4 5 |  5.3
Unarmed Combat | 1 2 3 4 5 |  5.3
Evocations     | 1 2 3 4 5 |  5.3
Hexes          | 1 2 3 4 |  4.3
Summonings     | 1 2 3 4 |  4.3
Necromancy     | 1 2 3 4 |  4.3
Translocations | 1 2 3 4 |  4.3
Transmutations | 1 2 3 4 |  4.3
Ice Magic      | 1 2 3 4 |  4.3
Air Magic      | 1 2 3 4 |  4.3
Earth Magic    | 1 2 3 4 |  4.3
Poison Magic   | 1 2 3 4 |  4.3
Dodging        | 5 6 7 |  7.1
Stealth        | 5 6 |  6.8
Fire Magic     | 6 7 |  7.1

Action                     |  1- 3 |  4- 6 |  7- 9 | 10-12 || total
---------------------------+-------+-------+-------+-------++-------
  Melee: Unarmed           |       |     4 |       |       ||     4
         Bite              |       |     1 |     7 |       ||     8
         Mace              |       |       |     3 |       ||     3
         Quick blade       |       |       |    45 |       ||    45
         Punch             |       |       |     4 |       ||     4
   Cast: Foxfire           |    94 |   124 |   149 |     3 ||   370
         Scorch            |     3 |     4 |    73 |       ||    80
         Flame Wave        |       |       |     3 |     3 ||     6
  Evoke: Wand              |       |       |     7 |     1 ||     8
    Use: Potion            |       |       |     2 |       ||     2
 Armour: Robe              |     5 |     8 |    38 |    13 ||    64
  Dodge: Dodged            |    16 |    31 |   153 |    33 ||   233

Table legend: (Time is in decaauts)
 A = Elapsed time spent in this place.
 B = Non-inter-level travel time spent in this place.
 C = Inter-level travel time spent in this place.
 D = Time resting spent in this place.
 E = Time spent auto-exploring this place.
 F = Levels seen in this place.
 G = Mean time per level.
                   A        B        C        D        E       F      G
               +--------+--------+--------+--------+--------+-----+--------+
         Total |  10691 |  10435 |    256 |   1379 |   7711 |   9 | 1187.9 |
       Dungeon |  10599 |  10358 |    241 |   1379 |   7651 |   8 | 1324.9 |
        Temple |     91 |     76 |     15 |      0 |     60 |   1 |   91.0 |
               +--------+--------+--------+--------+--------+-----+--------+

Top non-repeatable levels by time:
     D:5: 1777 daAuts
     D:2: 1709 daAuts
     D:4: 1536 daAuts
     D:6: 1532 daAuts
     D:7: 1365 daAuts
     D:3: 1281 daAuts
     D:1: 1230 daAuts
     D:8: 166 daAuts
  Temple: 91 daAuts
